 Dungeon Crawl Stone Soup version 0.27-a0-394-g49c82dfaf2 (webtiles) character file.

Game seed: 13234679492225735782

2065 paulo the Transmogrifier (level 9, -5/61 HPs)
             Began as an Octopode Transmuter on Feb 20, 2021.
             Was an Initiate of Wu Jian.
             Slain by a two-headed ogre
             ... wielding a +0 giant club
              (26 damage)
             ... on level 7 of the Dungeon.
             The game lasted 00:16:24 (13994 turns).

paulo the Transmogrifier (Octopode Transmuter)     Turns: 13994, Time: 00:16:28

Health: -5/61      AC:  2    Str:  9    XL:     9   Next: 26%
Magic:  10/12      EV: 24    Int: 18    God:    Wu Jian [......]
Gold:   312        SH:  0    Dex: 18    Spells: 7/13 levels left

rFire    . . .     SeeInvis .     - Unarmed
rCold    . . .     Faith    .   (shield currently unavailable)
rNeg     . . .     Spirit   .   (helmet currently unavailable)
rPois    x         Reflect  .   (no amulet)
rElec    .         Harm     .   l - +4 ring of evasion
rCorr    .         Rampage  .   (no ring)
Will     .....                  (no ring)
Stlth    ++........             (no ring)
HPRegen  0.20/turn              (no ring)
MPRegen  0.13/turn              (no ring)
                                (no ring)
                                (no ring)

@: spider-form
A: tiny, almost no armour, stealthy swim, (amphibious), 8 rings, (constrict 8)
a: End Transformation, Renounce Religion


You were on level 7 of the Dungeon.
You worshipped Wu Jian.
Wu Jian was noncommittal.
You were a venomous arachnid creature.
You visited 2 branches of the dungeon, and saw 9 of its levels.

You collected 312 gold pieces.

Inventory:

Jewellery
 l - a +4 ring of evasion (left front leg)
Scrolls
 a - a scroll of teleportation
 c - 4 scrolls of enchant weapon {unknown}
 d - 3 scrolls of enchant armour {unknown}
 e - a scroll of amnesia {unknown}
 f - 2 scrolls of magic mapping {unknown}
 j - 3 scrolls of identify
Potions
 b - a potion of flight {unknown}
 g - a potion of magic
 h - a potion of curing
 i - 5 potions of heal wounds {unknown}
 k - a potion of invisibility {unknown}


   Skills:
 + Level 5.6 Fighting
 - Level 2.3 Dodging
 - Level 1.2 Stealth
 + Level 6.8 Unarmed Combat
 - Level 2.5 Spellcasting
 * Level 8.3 Transmutations


You had 7 spell levels left.
You knew the following spells:

 Your Spells              Type           Power        Failure   Level
a - Beastly Appendage     Tmut           64%          3%          1
b - Wereblood             Tmut           32%          4%          2
c - Spider Form           Tmut/Pois      8%           24%         3

Your spell library contained the following spells:

 Spells                   Type           Power        Failure   Level
 Blade Hands              Tmut           16%          34%         5
 Ice Form                 Ice/Tmut       17%          52%         4
 Petrify                  Tmut/Erth      17%          52%         4
 Confusing Touch          Hex            2%           67%         3
 Gell's Gravitas          Tloc           1%           67%         3
 Yara's Violent Unravell  Hex/Tmut       8%           83%         5
 Metabolic Englaciation   Hex/Ice        1%           100%        5


Dungeon Overview and Level Annotations

Branches:
Dungeon (8/15)             Temple (1/1) D:6
   Lair: D:8-11

Altars:
Ashenzari
Cheibriados
Dithmenos
Fedhas
Gozag
Hepliaklqana
Kikubaaqudgha
Okawaru
Qazlal
Sif Muna
Trog
Uskayaw
Vehumet
Wu Jian
Yredelemnul
The Shining One

Shops:
D:4 [   D:5 *

Annotations:
D:2 1 runed translucent door, exclusion: upstairs, Crazy Yiuf
D:5 Ijyb


Innate Abilities, Weirdness & Mutations

You cannot wear most types of armour.
You are very stealthy in the water. (Stealth+)
((You are amphibious.))
You can wear up to eight rings at the same time.
((You can use your tentacles to constrict eight enemies at once.))
((Your skin changes colour to match your surroundings (Stealth+).))
((Your rubbery body absorbs attacks. (AC +1, EV +1)))


Message History

There is a stone staircase leading down here.
You start resting.
Your transformation has ended.
You start resting.
Magic restored.
You start waiting.
Done waiting.
You start waiting.
A two-headed ogre is nearby!
Casting: Spider Form (dangerous; 10% risk of failure)
Confirm with . or Enter, or press ? or * to list all spells.
You turn into a venomous arachnid creature.
The two-headed ogre shouts in stereo!
You lunge at the two-headed ogre.
You barely miss the two-headed ogre. The two-headed ogre barely misses you.
The two-headed ogre closely misses you.
You hit the two-headed ogre.
The two-headed ogre is poisoned.
The two-headed ogre is lightly wounded.
You bite the two-headed ogre!
The two-headed ogre looks as sick as possible!
The two-headed ogre is moderately wounded.
The two-headed ogre hits you with a +0 giant club!
The two-headed ogre completely misses you.
You hit the two-headed ogre.
The two-headed ogre looks as sick as possible!
The two-headed ogre is moderately wounded.
The two-headed ogre misses you. The two-headed ogre barely misses you.
You hit the two-headed ogre but do no damage.
The two-headed ogre looks as sick as possible!
The two-headed ogre is moderately wounded.
You bite the two-headed ogre!
The two-headed ogre looks as sick as possible!
The two-headed ogre is heavily wounded.
The two-headed ogre barely misses you. x2
You hit the two-headed ogre.
The two-headed ogre looks as sick as possible!
The two-headed ogre is heavily wounded.
The two-headed ogre hits you with a +0 giant club!!
Ouch! That really hurt!
The two-headed ogre hits you with a +0 giant spiked club!!
You die...

###### #....# #....#
#....#
#####..(.############
...............Os..>#
#.###....##########.#
#.###....######## #.#
#.#.............# #.#
#.#.............# #.#
#...............# #.#
#...............###.#
#...................#
#........(......#####


You could see a two-headed ogre (extremely poisoned).

Vanquished Creatures
  2 water moccasins
  An ice beast (D:4)
  An orc warrior (D:6)
  An ogre (D:5)
  2 centaurs
  2 bullfrogs
  4 scorpions
  5 wights (D:7)
  2 howler monkeys
  3 hounds
  2 orc priests
  A centaur skeleton (D:4)
  A jelly (D:6)
  2 bullfrog skeletons (D:4)
  Jessica (D:2)
  2 iguanas (D:5)
  6 orc wizards
  4 worker ants
  2 hound skeletons (D:4)
  A worker ant zombie (D:7)
  A gnoll (D:2)
  7 adders
  A howler monkey skeleton (D:6)
  A river rat (D:5)
  A shadow imp (D:7)
  A white imp (D:8)
  An ufetubus (D:5)
  An ooze (D:5)
  An adder skeleton (D:6)
  3 worms
  2 leopard geckos
  18 orcs
  A ball python (D:4)
  A bat (D:1)
  3 giant cockroaches
  A goblin (D:1)
  3 hobgoblins
  9 jackals
  6 kobolds
  A quokka (D:4)
  5 frilled lizards
  A jackal skeleton (D:8)
  3 quokka skeletons (D:6)
  A rat zombie (D:6)
118 creatures vanquished.

Vanquished Creatures (others)
  11 plants (D:2)
11 creatures vanquished.

Grand Total: 129 creatures vanquished

Notes
Turn   | Place    | Note
-------+----------+-------------------------------------------
     0 | D:1      | paulo the Octopode Transmuter began the quest for the Orb.
     0 | D:1      | Reached XP level 1. HP: 13/13 MP: 3/3
   711 | D:1      | Reached XP level 2. HP: 14/18 MP: 5/5
  1222 | D:1      | Learned a level 2 spell: Wereblood
  1767 | D:2      | Reached XP level 3. HP: 14/23 MP: 3/6
  2116 | D:2      | Reached skill level 1 in Stealth
  2853 | D:2      | Found a runed translucent door.
  2854 | D:2      | Noticed Crazy Yiuf
  2920 | D:2      | Noticed Jessica
  2930 | D:2      | Killed Jessica
  2931 | D:2      | Reached XP level 4. HP: 24/28 MP: 7/7
  3771 | D:3      | Found a glowing golden altar of the Shining One.
  4893 | D:4      | Reached skill level 3 in Transmutations
  4893 | D:4      | Reached XP level 5. HP: 25/34 MP: 6/8
  5800 | D:4      | Found Xoab Iphank's Armour Emporium.
  5825 | D:4      | Reached XP level 6. HP: 38/39 MP: 9/9
  5850 | D:4      | Reached skill level 4 in Transmutations
  6040 | D:4      | Learned a level 3 spell: Spider Form
  6056 | D:4      | Noticed an ice beast
  7334 | D:4      | Killed an ice beast
  7335 | D:4      | Reached XP level 7. HP: 46/46 MP: 10/10
  7480 | D:4      | Reached skill level 5 in Unarmed Combat
  7535 | D:4      | Reached skill level 5 in Transmutations
  8236 | D:5      | Entered Level 5 of the Dungeon
  8333 | D:5      | Found Eluotath's Assorted Antiques.
  8338 | D:5      | Noticed Ijyb
  8771 | D:5      | Reached skill level 6 in Transmutations
  8771 | D:5      | Reached XP level 8. HP: 31/54 MP: 6/11
  8912 | D:5      | Found a basalt altar of Yredelemnul.
 10564 | D:6      | Reached skill level 7 in Transmutations
 10908 | D:6      | Found a staircase to the Ecumenical Temple.
 10996 | Temple   | Entered the Ecumenical Temple
 11028 | Temple   | Became a worshipper of the Wu Jian Council
 11762 | D:7      | Reached skill level 5 in Fighting
 11933 | D:7      | Noticed a two-headed ogre
 13001 | D:7      | Reached XP level 9. HP: 51/57 MP: 8/12
 13262 | D:7      | Reached skill level 8 in Transmutations
 13597 | D:8      | Noticed a manticore
 13994 | D:7      | Slain by a two-headed ogre

Illustrated notes

Levels and vault maps discovered:
D:1:      psy_arrival_basics, layout_loops_corners, grunt_decor_clamped
D:2:      wad_lake_hut, layout_loops_ring, minmay_misc_feat_roman, uniq_robin,
          uniq_crazy_yiuf_cottage, uniq_jessica
D:3:      layout_loops_corners, tso_oasis_becter, serial_rivers,
          chequers_serial_rivers_small_b, chequers_serial_rivers_small_a,
          chequers_serial_rivers_room_b, chequers_serial_rivers_marsh,
          chequers_serial_rivers_room_b, chequers_serial_rivers_micro_a
D:4:      layout_cave_pools, serial_shops, nicolae_shop_waterfront, minivault_11
D:5:      layout_loops_ring, basic_altar, portal_sewer_entry_a, serial_shops,
          shop, hangedman_decor_peaks_small, uniq_ijyb
D:6:      layout_basic, minmay_temple_entry_hall, enter_ossuary_4
D:7:      lemuel_ice_spiral_2, layout_basic, minmay_stone_trees_small,
          minmay_crossroads, uniq_pikel
D:8:      layout_rooms, serial_shops,
          nicolae_shop_temple_entry_statues_fountains
Temple:   nicolae_temple_the_god_donut

Skill      XL: |  1  2  3  4  5  6  7  8  9 |
---------------+----------------------------+-----
Stealth        | 1 |  1.2
Unarmed Combat | 4 5 6 |  6.8
Transmutations | 3 4 6 7 8 |  8.3
Fighting       | 2 3 4 5 |  5.6
Dodging        | |  2.3
Spellcasting   | |  2.5

Action                   |  1- 3 |  4- 6 |  7- 9 || total
-------------------------+-------+-------+-------++-------
Melee: Unarmed           |    65 |    95 |   260 ||   420
       Constrict         |    19 |    20 |    18 ||    57
       Tentacles         |    11 |    15 |    12 ||    38
       Kick              |    11 |    16 |     1 ||    28
       Punch             |     1 |     2 |     4 ||     7
 Cast: Beastly Appendage |    10 |    16 |     2 ||    28
       Wereblood         |     2 |     1 |     1 ||     4
       Spider Form       |       |       |    37 ||    37
Invok: Lunge             |       |       |     5 ||     5
  Use: Potion            |     1 |     4 |       ||     5
       Scroll            |       |     4 |       ||     4
 Stab: Sleeping          |     5 |     6 |     2 ||    13
Armor: Skin              |     1 |     5 |    16 ||    22
Dodge: Dodged            |    29 |    44 |   158 ||   231

Table legend: (Time is in decaauts)
 A = Elapsed time spent in this place.
 B = Non-inter-level travel time spent in this place.
 C = Inter-level travel time spent in this place.
 D = Time resting spent in this place.
 E = Time spent auto-exploring this place.
 F = Levels seen in this place.
 G = Mean time per level.
                   A        B        C        D        E       F      G
               +--------+--------+--------+--------+--------+-----+--------+
         Total |  13971 |  13529 |    442 |   7017 |   4979 |   9 | 1552.3 |
       Dungeon |  13915 |  13495 |    420 |   7017 |   4951 |   8 | 1739.4 |
        Temple |     55 |     33 |     22 |      0 |     28 |   1 |   55.0 |
               +--------+--------+--------+--------+--------+-----+--------+

Top non-repeatable levels by time:
     D:4: 3419 daAuts
     D:6: 2280 daAuts
     D:1: 2038 daAuts
     D:7: 2007 daAuts
     D:2: 1609 daAuts
     D:5: 1197 daAuts
     D:3: 1166 daAuts
     D:8: 195 daAuts
  Temple: 55 daAuts
